 Dungeon Sprint DCSS version 0.18-a0-1180-g64ccc1e (webtiles) character file.

12700000 namelastname112 the Grand Master (level 27, -3/249 HPs)
             Began as a Demonspawn Gladiator on Jan 27, 2016.
             Was the Champion of Makhleb.
             Killed by divine providence
             ... invoked by an accursed
              (11 damage)
             ... in the Dungeon (Sprint VIII: "Arena of Blood").
             The game lasted 00:03:21 (127 turns).

namelastname112 the Grand Master (DsGl)              Turns: 127, Time: 00:03:21

Health: -3/249     AC: 18    Str: 17    XL:     27
Magic:  48/54      EV: 35    Int: 12    God:    Makhleb [******]
Gold:   0          SH:  0    Dex: 20    Spells: 0 memorised, 80 levels left

rFire  . . .     SeeInvis .     k - +∞ Axe of Woe
rCold  + . .     Gourm    .     a - +0 leather armour
rNeg   . . .     Faith    .     (shield currently unavailable)
rPois  .         Spirit   .     b - +0 helmet
rElec  .         Dismiss  .     (no cloak)
rCorr  .         Reflect  .     (no gloves)
SustAt .         Harm     .     (boots unavailable)
MR     ++...     NoTele   +     (no amulet)
Stlth  +++++++++.               (no ring)
                                (no ring)

@: lethally poisoned (-3 -> -135), slowed, very slow, very resistant to hostile
enchantments, incredibly stealthy
A: hooves 3, rough black scales 3, cold resistance 1, foul stench 2, passive
freeze, spiny 3, rot immunity, freezing cloud immunity
a: Minor Destruction, Lesser Servant of Makhleb, Major Destruction, Greater
Servant of Makhleb, Renounce Religion


You were in the Dungeon.
You worshipped Makhleb.
Makhleb was exalted by your worship.
You were not hungry.

You visited 1 branch

Inventory:

Hand Weapons
 k - the +∞ Axe of Woe (weapon)
   (You found it in the Dungeon)
Missiles
 c - 3 throwing nets (quivered)
Armour
 a - a +0 leather armour (worn)
 b - a +0 helmet (worn)
Scrolls
 j - a scroll of blinking
Potions
 e - a potion of curing
 f - a potion of heal wounds
 g - a potion of haste
 h - 2 potions of magic
 i - a potion of berserk rage
Comestibles
 d - a bread ration


   Skills:
 O Level 27 Fighting
 O Level 27 Axes
 O Level 27 Throwing
 O Level 27 Armour
 O Level 27 Dodging
 O Level 27 Stealth
 O Level 27 Unarmed Combat
 O Level 27 Spellcasting
 O Level 27 Invocations


You had 80 spell levels left.
You didn't know any spells.

Dungeon Overview and Level Annotations

Branches:
Dungeon (1/1)

Altars:
Makhleb


Innate Abilities, Weirdness & Mutations

You have hooves in place of feet.
You are completely covered in rough black scales (AC +10, Dex -3).
Your flesh is cold resistant.
You frequently emit foul miasma when damaged in melee.
A frigid envelope surrounds you and freezes all who hurt you.
You are completely covered in sharp spines.
You are immune to rotting.
You are immune to freezing clouds.


Message History

2 ogres, a hill giant, a skeletal warrior and a lich come into view.
* * * LOW HITPOINT WARNING * * *
You feel extremely sick.
The large abomination disappears in a puff of smoke!
You hear a shout! x2
Something bites you!!
* * * LOW HITPOINT WARNING * * *
You hear a shout! x2
The tyrant casts a spell.
The sculptor of flesh moves out of view.
The eight-headed meat hydra calls on the powers of darkness!
The eight-headed meat hydra convulses!
The meat berserker convulses!
The bag of meat convulses!
The scourge convulses!
The bag of meat convulses!
The large bag of meat convulses!
Your body is wracked with pain!
* * * LOW HITPOINT WARNING * * *
The large bag of meat convulses!
The bag of meat convulses! x2
The meat berserker convulses!
Something completely misses you.
The accursed points at you and mumbles some strange words.
Something smites you!
You die... ..... ... #MX.. .X# .. #OX.
CM#

. .Oo###...
§%###..
.......X###o......
#....XL.._D.O.....
.... #)SX)%# ...MS
#oL<)_#
..o{o.#)§@X.#...
#.oooCX§X§)......
..CCo.o)###......
..o###V.. ..###..
S. #.%.. .O# .
#oX....W#
L%X...p..
........C{L
.......o..


You could see 2 accurseds, a tentacled monstrosity, 4 tyrants, an eight-headed
meat hydra, a destroyer, a scourge, 4 large bags of meat, 8 large abominations,
a dread, 3 meat berserkers and 9 bags of meat.

Vanquished Creatures
  Sigmund (D)
  7 hell beasts (D)
  A greater mummy (D)
  3 great orbs of eyes (D)
  3 wraiths (D)
  15 vampire knights (D)
  36 ogres (D)
  2 liches (D)
  A hydra (D)
  66 orcs (D)
  4 phantoms (D)
  4 hill giants (D)
  6 skeletal warriors (D)
  2 sea snakes (D)
  10 large abominations (D)
  10 small abominations (D)
  10 crawling corpses (D)
181 creatures vanquished.

Vanquished Creatures (others)
  2 orcs (D)
  A crawling corpse (D)
3 creatures vanquished.

Grand Total: 184 creatures vanquished

Notes
Turn   | Place    | Note
--------------------------------------------------------------
     0 | D        | namelastname112 the Demonspawn Gladiator began the quest for the Orb.
     0 | D        | Reached XP level 1. HP: 16/16 MP: 1/1
     3 | D        | Noticed a bag of meat
     3 | D        | Noticed a meat berserker
     3 | D        | Noticed a bag of meat
     4 | D        | Noticed a bag of meat
     4 | D        | Became a worshipper of Makhleb the Destroyer
     5 | D        | Noticed a meat berserker
     6 | D        | Noticed a bag of meat
     6 | D        | Killed a meat berserker
     6 | D        | Reached skill level 12 in Fighting
     6 | D        | Reached skill level 18 in Dodging
     6 | D        | Gained mutation: You are partially covered in rough black scales (AC +4, Dex -1). [demonic ancestry]
     6 | D        | Reached XP level 2. HP: 19/39 MP: 2/2
     6 | D        | Gained mutation: You have large cloven feet. [demonic ancestry]
     6 | D        | Reached XP level 3. HP: 21/45 MP: 3/3
     6 | D        | Reached XP level 4. HP: 24/52 MP: 4/4
     6 | D        | Gained mutation: You have hoof-like feet. [demonic ancestry]
     6 | D        | Reached XP level 5. HP: 26/58 MP: 5/5
     6 | D        | Reached XP level 6. HP: 29/65 MP: 6/6
     6 | D        | Reached XP level 7. HP: 31/71 MP: 7/7
     6 | D        | Reached XP level 8. HP: 33/77 MP: 8/8
     6 | D        | Gained mutation: You are mostly covered in rough black scales (AC +7, Dex -2). [demonic ancestry]
     6 | D        | Reached XP level 9. HP: 35/83 MP: 9/9
     6 | D        | Gained mutation: You are partially covered in sharp spines. [demonic ancestry]
     6 | D        | Reached XP level 10. HP: 37/90 MP: 10/10
     6 | D        | Reached XP level 11. HP: 39/96 MP: 11/11
     6 | D        | Gained mutation: You are completely covered in rough black scales (AC +10, Dex -3). [demonic ancestry]
     6 | D        | Reached XP level 12. HP: 41/103 MP: 12/12
     6 | D        | Gained mutation: You are immune to rotting. [demonic ancestry]
     6 | D        | Reached XP level 13. HP: 43/109 MP: 13/13
     7 | D        | Noticed a bag of meat
     7 | D        | Noticed a bag of meat
     9 | D        | Killed a bag of meat
     9 | D        | Reached * piety under Makhleb
     9 | D        | Reached skill level 1 in Axes
     9 | D        | Reached skill level 20 in Dodging
     9 | D        | Killed a meat berserker
     9 | D        | Reached skill level 15 in Fighting
     9 | D        | Reached skill level 22 in Dodging
     9 | D        | Gained mutation: You may emit foul miasma when damaged in melee. [demonic ancestry]
     9 | D        | Reached XP level 14. HP: 47/123 MP: 14/14
     9 | D        | Killed a bag of meat
     9 | D        | Reached ** piety under Makhleb
     9 | D        | Reached skill level 23 in Dodging
     9 | D        | Gained mutation: You have hooves in place of feet. [demonic ancestry]
     9 | D        | Reached XP level 15. HP: 105/130 MP: 15/15
     9 | D        | Reached skill level 24 in Dodging
    10 | D        | Reached *** piety under Makhleb
    10 | D        | Reached skill level 5 in Axes
    10 | D        | Reached skill level 1 in Armour
    10 | D        | Reached skill level 25 in Dodging
    12 | D        | Noticed a meat berserker
    13 | D        | Noticed a meat berserker
    13 | D        | Reached skill level 15 in Throwing
    13 | D        | Reached XP level 16. HP: 139/141 MP: 16/16
    14 | D        | Noticed a meat berserker
    14 | D        | Killed a meat berserker
    14 | D        | Reached **** piety under Makhleb
    14 | D        | Reached skill level 27 in Dodging
    14 | D        | Reached skill level 27 in Unarmed Combat
    14 | D        | Gained mutation: Your flesh is cold resistant. [demonic ancestry]
    14 | D        | Reached XP level 17. HP: 146/156 MP: 17/17
    15 | D        | Killed a meat berserker
    15 | D        | Killed a meat berserker
    15 | D        | Reached ***** piety under Makhleb
    15 | D        | Gained mutation: You are mostly covered in sharp spines. [demonic ancestry]
    15 | D        | Reached XP level 18. HP: 170/177 MP: 18/18
    16 | D        | Noticed a meat berserker
    16 | D        | Reached skill level 10 in Armour
    17 | D        | Noticed a meat berserker
    18 | D        | Noticed a meat berserker
    18 | D        | Noticed a large bag of meat
    18 | D        | Killed a meat berserker
    18 | D        | Reached skill level 27 in Fighting
    18 | D        | Reached XP level 19. HP: 186/189 MP: 19/19
    19 | D        | Noticed a meat berserker
    19 | D        | Reached skill level 27 in Throwing
    19 | D        | Reached ****** piety under Makhleb
    19 | D        | Reached skill level 27 in Axes
    19 | D        | Reached skill level 15 in Armour
    22 | D        | Killed a meat berserker
    22 | D        | Reached XP level 20. HP: 197/197 MP: 20/20
    22 | D        | Reached skill level 27 in Armour
    23 | D        | Killed a meat berserker
    23 | D        | Gained mutation: You frequently emit foul miasma when damaged in melee. [demonic ancestry]
    23 | D        | Reached XP level 21. HP: 204/204 MP: 20/38
    23 | D        | Reached skill level 15 in Spellcasting
    26 | D        | Noticed a destroyer
    26 | D        | Reached skill level 27 in Invocations
    26 | D        | Gained mutation: You are immune to freezing clouds. [demonic ancestry]
    26 | D        | Reached XP level 22. HP: 212/212 MP: 20/48
    29 | D        | Killed a destroyer
    29 | D        | Reached skill level 27 in Stealth
    29 | D        | Reached skill level 27 in Spellcasting
    32 | D        | Reached XP level 23. HP: 219/219 MP: 22/54
    34 | D        | Noticed a destroyer
    34 | D        | Gained mutation: You are completely covered in sharp spines. [demonic ancestry]
    34 | D        | Reached XP level 24. HP: 227/227 MP: 22/54
    39 | D        | Noticed a destroyer
    39 | D        | Killed a destroyer
    39 | D        | Gained mutation: A frigid envelope surrounds you and freezes all who hurt you. [demonic ancestry]
    39 | D        | Reached XP level 25. HP: 234/234 MP: 24/54
    42 | D        | Killed a destroyer
    42 | D        | Reached XP level 26. HP: 242/242 MP: 24/54
    44 | D        | Noticed a destroyer
    47 | D        | Noticed a destroyer
    51 | D        | Noticed a destroyer
    52 | D        | Killed a destroyer
    52 | D        | Reached XP level 27. HP: 136/249 MP: 27/54
    56 | D        | Killed a destroyer
    57 | D        | Noticed a meat beast
    59 | D        | Killed a meat beast
    59 | D        | Killed a destroyer
    61 | D        | Noticed The Captor
    63 | D        | Noticed a destroyer
    66 | D        | Noticed a destroyer
    68 | D        | Killed The Captor
    68 | D        | Killed a destroyer
    73 | D        | Killed a destroyer
    74 | D        | Noticed a dread
    75 | D        | Killed a dread
    89 | D        | Noticed a meat beast
    90 | D        | Noticed an accursed
    91 | D        | Noticed a meat beast
    92 | D        | Killed a meat beast
    94 | D        | Noticed a dread
    94 | D        | Noticed a tyrant
    96 | D        | Noticed a destroyer
    96 | D        | Noticed a tyrant
    96 | D        | Killed a meat beast
    96 | D        | Killed a dread
   100 | D        | Noticed a destroyer
   101 | D        | Killed an accursed
   101 | D        | Killed a destroyer
   103 | D        | Noticed a dread
   103 | D        | Killed a tyrant
   104 | D        | Noticed a destroyer
   107 | D        | Noticed a destroyer
   108 | D        | Noticed a meat beast
   109 | D        | Noticed an accursed
   110 | D        | Noticed a tyrant
   111 | D        | Noticed a dread
   112 | D        | Noticed a tyrant
   112 | D        | Killed a meat beast
   112 | D        | Killed a destroyer
   112 | D        | Killed a tyrant
   113 | D        | Noticed a meat beast
   114 | D        | Killed a destroyer
   114 | D        | Killed a dread
   115 | D        | Noticed a meat beast
   115 | D        | Noticed a destroyer
   117 | D        | Noticed a destroyer
   118 | D        | Noticed a destroyer
   118 | D        | Noticed a destroyer
   118 | D        | Killed a meat beast
   119 | D        | Noticed a fleshlord
   119 | D        | Noticed a meat beast
   119 | D        | Killed a destroyer
   120 | D        | Noticed a dread
   121 | D        | Killed a destroyer
   122 | D        | Noticed a destroyer
   122 | D        | Killed a destroyer
   123 | D        | Noticed a destroyer
   123 | D        | Noticed a fleshlord
   123 | D        | Killed a destroyer
   124 | D        | Noticed an accursed
   125 | D        | Noticed a tyrant
   125 | D        | Killed a meat beast
   126 | D        | Killed a meat beast
   127 | D        | Noticed a tyrant
   127 | D        | HP: 8/249 [??? (5)]
   127 | D        | Killed from afar by an accursed

Vault maps used:
D:        meatsprint

Action                   |  1- 3 |  4- 6 |  7- 9 | 10-12 | 13-15 | 16-18 | 19-21 | 22-24 | 25-27 || total
-------------------------+-------+-------+-------+-------+-------+-------+-------+-------+-------++-------
Melee: Executioner's axe |     1 |       |       |       |     3 |     4 |     7 |    10 |    62 ||    87
 Stab: Held in net/web   |       |       |       |       |       |       |       |       |     3 ||     3
